AoeStats
← sT_K'cifer!

Pilgrims

510030267Analyzed
4v4 RM · 4d ago on Sep 29, 2026· 58m 42s· 8 players
Game mode
Random Map
Map size
Large (8 player)
Population
200
Speed
Normal
Resources
Standard
Victory
Conquest
Starting age
Dark Age
Ending age
Imperial Age
RankedLock teamsTeams togetherTeam positionsShared explorationLock speedFull tech treeHidden civsTurbo modeCheats
Victory
Defeat
🇨🇴 Vikings · Colombia
1275
+10
🇨🇴 Varangians · Colombia
1087
+17
🇨🇴 Saracens · Colombia
1071
+18
🇨🇴 Italians · Colombia
1035
+20
🇮🇳 Spanish · India
1167
-18
🇺🇸 Varangians · United States
1156
-18
🇲🇽 Persians · Mexico
1100
-15
🇲🇽 Saracens · Mexico
1063
-14
sT andrs901
3:16 Loom
9:57 Feudal Age
10:22 Horse Collar
10:34 Double-Bit Axe
15:02 Wheelbarrow
18:01 Castle Age
16:08 Fletching
17:56 Gold Mining
19:02 Bow Saw
19:21 Medium Warships
21:05 Heavy Plow
21:07 Bodkin Arrow
27:45 Hand Cart
28:08 Ballistics
33:02 Scale Barding Armor
33:08 Forging
34:58 Chain Barding Armor
35:14 Iron Casting
38:17 Imperial Age
35:36 Town Watch
37:39 Bimaristan
39:33 Conscription
39:51 Plate Barding Armor
41:26 Elite Mameluke
43:28 Blast Furnace
42:42 Counterweights
42:33 Fishing Lines
43:37 Siege Engineers
44:33 Chemistry
44:42 Two-Man Saw
45:19 Sanctity
45:10 Fervor
45:44 Murder Holes
45:59 Masonry
47:19 Block Printing
50:38 Hoardings
50:25 Husbandry
50:36 Bloodlines
49:48 Heavy Camel Rider
Sirwilliam
8:42 Loom
11:10 Feudal Age
12:41 Double-Bit Axe
17:17 Wheelbarrow
21:54 Stone Mining
24:37 Castle Age
26:39 Hand Cart
27:31 Medium Warships
30:47 Fletching
31:53 Bodkin Arrow
33:25 Padded Archer Armor
37:08 Ballistics
37:09 Bow Saw
37:54 Leather Archer Armor
40:51 Imperial Age
40:27 Stone Shaft Mining
39:43 Gold Mining
41:17 Thumb Ring
41:21 Elite Genoese Crossbowman
42:11 Bracer
42:20 Fishing Lines
47:04 Conscription
48:10 Chemistry
47:07 Murder Holes
56:11 Ring Archer Armor
GypsySun&Rainbows
7:50 Loom
11:40 Feudal Age
12:17 Man-at-Arms
13:41 Double-Bit Axe
17:07 Arson
21:12 Castle Age
20:10 Scale Barding Armor
20:05 Scale Mail Armor
20:53 Forging
21:28 Long Swordsman
21:32 Light Cavalry
22:23 Bloodlines
23:37 Chain Barding Armor
23:32 Chain Mail Armor
27:45 Husbandry
36:15 Fletching
37:12 Padded Archer Armor
43:33 Wheelbarrow
42:43 Town Watch
46:25 Bodkin Arrow
46:45 Leather Archer Armor
49:01 Ballistics
56:55 Iron Casting
61:49 Imperial Age
sT_K'cifer!
9:12 Loom
11:52 Feudal Age
13:35 Double-Bit Axe
34:11 Castle Age
33:47 Horse Collar
34:01 Fletching
34:11 Padded Archer Armor
39:00 Bow Saw
38:49 Bodkin Arrow
40:38 Gold Mining
43:15 Heavy Plow
44:38 Town Watch
54:06 Imperial Age
51:57 Leather Archer Armor
52:47 Crossbowman
53:35 Scale Barding Armor
54:45 Heated Shot
55:15 Ballistics
55:42 Arbalester
58:39 Bracer
59:10 Ring Archer Armor
OM | SOMBRASV1
12:19 Feudal Age
14:52 Fletching
23:46 Castle Age
24:44 Medium Warships
25:10 Bodkin Arrow
32:46 Double-Bit Axe
32:56 Gold Mining
32:58 Horse Collar
43:22 Imperial Age
41:36 Bow Saw
42:22 Padded Archer Armor
43:17 Heavy Plow
45:04 Wheelbarrow
45:18 Elite Skirmisher
46:32 Leather Archer Armor
47:07 Bracer
47:57 Conscription
53:27 Ring Archer Armor
55:11 Bloodlines
54:53 Loom
55:23 Light Cavalry
57:12 Pikeman
57:37 Arson
57:37 Elite Mameluke
Huesped Maldito
14:02 Feudal Age
15:48 Gold Mining
17:04 Fishing Lines
20:05 Wheelbarrow
19:16 Town Watch
23:17 Double-Bit Axe
26:34 Castle Age
25:33 Stone Mining
26:23 Loom
27:08 Husbandry
27:19 Bloodlines
27:29 Hand Cart
27:42 Horse Collar
29:34 Heavy Plow
35:13 Forging
35:08 Scale Barding Armor
35:13 Forging
35:09 Scale Barding Armor
36:50 Bow Saw
37:51 Iron Casting
37:17 Light Cavalry
38:28 Scale Barding Armor
37:46 Pikeman
38:26 Squires
39:53 Chain Barding Armor
42:56 Imperial Age
42:36 Cavalier
43:39 Citadels
43:36 Kamandaran
45:34 Fletching
45:45 Padded Archer Armor
46:28 Crossbowman
47:58 Thumb Ring
47:51 Bodkin Arrow
48:12 Leather Archer Armor
48:07 Elite Skirmisher
54:38 Two-Man Saw
Orangebaral
8:33 Loom
11:26 Feudal Age
13:29 Bloodlines
16:17 Scale Barding Armor
18:30 Fletching
23:36 Castle Age
36:25 Scale Mail Armor
vibhuyasha
4:20 Loom
12:28 Feudal Age
19:58 Castle Age
18:07 Scale Barding Armor
18:13 Forging
19:47 Bloodlines
22:44 Medium Warships
27:38 Double-Bit Axe
34:38 Imperial Age
36:40 Conscription
37:34 Conscription
42:44 Padded Archer Armor
42:35 Fletching
44:27 Wheelbarrow
44:31 Elite Skirmisher
45:11 Bodkin Arrow
45:49 Ballistics
48:08 Bracer
50:29 Horse Collar
52:43 Chemistry
Connection lost

Rejoining the realm…

Still unreachable

The connection could not be restored.

Session expired

The server has moved on; the page needs a fresh start.